 Dungeon Crawl Stone Soup version 0.17-a0-1767-gccbed74 (webtiles) character file.

18375 olethros the Thaumaturge (level 12, -1/89 HPs)
             Began as a Grey Draconian Wizard on Sept 4, 2015.
             Was an Elder of Vehumet.
             Slain by a very large slime creature (38 damage)
             ... on level 12 of the Dungeon on Sept 6, 2015.
             The game lasted 03:28:29 (23370 turns).

olethros the Thaumaturge (Grey Draconian Wizard)   Turns: 23370, Time: 03:28:29

Health: -1/89      AC: 16    Str: 10    XL:     12   Next: 27%
Magic:  3/27       EV: 15    Int: 22    God:    Vehumet [****..]
Gold:   124        SH:  0    Dex: 15    Spells: 11 memorised, 1 level left

rFire  . . .     SeeInvis +     F - +4 scimitar (flame)
rCold  . . .     Clarity  .     (armour unavailable)
rNeg   + . .     SustAt   .     (no shield)
rPois  .         Gourm    .     n - +2 hat
rElec  .         Spirit   .     (no cloak)
rCorr  .         Warding  .     Q - +0 pair of gloves of Defence {*Contam +Inv Dex+4 Stlth+}
rMut   .         Stasis   .     (no boots)
MR     .....                    (no amulet)
Stlth  ++++......               B - ring of positive energy
                                g - ring of see invisible

@: repel missiles, not resistant to hostile enchantments, stealthy
A: walk through water, unfitting armour, unbreathing, cold-blooded, AC +13
a: Renounce Religion, Evoke Invisibility


You were on level 12 of the Dungeon.
You worshipped Vehumet.
Vehumet was greatly pleased with you.
You were not hungry.

You visited 2 branches of the dungeon, and saw 13 of its levels.
You also visited: Sewer.

You collected 776 gold pieces.
You spent 652 gold pieces at shops.

Inventory:

Hand weapons
 a - a +1 dagger of speed
 b - a +1 blowgun
 c - a +0 shortbow of velocity
 d - a +1 shortbow of flaming
 f - a +1 short sword of freezing
 v - a +3 dagger of venom
 F - a +4 scimitar of flaming (weapon)
 M - a +2 dagger of electrocution
Missiles
 m - 5 tomahawks (quivered)
 t - 7 curare-tipped needles
 z - 337 arrows
 L - 16 poisoned arrows
 O - 65 bolts
 X - 14 poisoned needles
Armour
 n - a +2 hat (worn)
 Q - the +0 pair of gloves of Defence (worn) {*Contam +Inv Dex+4 Stlth+}
   (You found it on level 8 of the Dungeon)

   It affects your dexterity (+4).
   It lets you turn invisible.
   It causes magical contamination when unequipped.
   It makes you more stealthy.
Magical staves
 y - an uncursed staff of air
Jewellery
 g - a ring of see invisible (left hand)
 l - an uncursed amulet of guardian spirit
 B - a ring of positive energy (right hand)
 K - an uncursed ring of positive energy
 T - an uncursed amulet of regeneration
Magical devices
 r - a wand of flame (18)
 C - a wand of random effects (23)
 D - a wand of paralysis (0)
Scrolls
 h - a scroll of immolation
 k - 5 scrolls of identify
 p - 3 scrolls of enchant armour
 q - a scroll of magic mapping
 x - 3 scrolls of remove curse
 R - a scroll of noise
 V - a scroll of fear
Potions
 e - a potion of lignification
 i - 3 potions of invisibility
 A - a potion of curing
 E - 2 potions of flight
 I - a potion of haste
 P - a potion of brilliance
 S - 2 potions of ambrosia
 Y - a potion of heal wounds
Books
 H - a book of Hinderance

   Spells                             Type                      Level
   a - Confusing Touch                Hexes                        2
   b - Confuse                        Hexes                        3
   c - Gell's Gravitas                Hexes/Translocation          3
   d - Petrify                        Transmutation/Earth          4
   e - Metabolic Englaciation         Hexes/Ice                    5
 N - a book of Minor Magic

   Spells                             Type                      Level
   a - Magic Dart                     Conjuration                  1
   b - Blink                          Translocation                2
   c - Call Imp                       Summoning                    2
   d - Repel Missiles                 Charms/Air                   2
   e - Slow                           Hexes                        2
   f - Conjure Flame                  Conjuration/Fire             3
   g - Mephitic Cloud                 Conjuration/Poison/Air       3
 W - a book of Power

   Spells                             Type                      Level
   a - Fulminant Prism                Conjuration/Hexes            4
   b - Iskenderun's Mystic Blast      Conjuration                  4
   c - Venom Bolt                     Conjuration/Poison           5
   d - Bolt of Magma                  Conjuration/Fire/Earth       5
   e - Iron Shot                      Conjuration/Earth            6
   f - Orb of Destruction             Conjuration                  7
   g - Spellforged Servitor           Conjuration/Summoning        7
Comestibles
 j - 4 meat rations
 o - 10 royal jellies
 G - 4 bread rations
 Z - a beef jerky


   Skills:
 + Level 3.0 Fighting
 + Level 2.3(2.5) Short Blades
 + Level 1.2(2.0) Long Blades
   Level 0.6 Maces & Flails
   Level 0.4 Polearms
 + Level 1.2 Bows
 + Level 3.2 Throwing
 + Level 5.5 Dodging
 + Level 5.0 Stealth
 + Level 11.9 Spellcasting
 + Level 5.4 Conjurations
   Level 1.0 Hexes
 + Level 0.5 Charms
 + Level 8.6 Summonings
 + Level 3.0 Translocations
 + Level 2.8 Transmutations
 + Level 2.0 Fire Magic
 + Level 2.0 Air Magic
 + Level 4.1 Earth Magic
 + Level 3.3 Poison Magic
 + Level 0.4 Evocations


You had one spell level left.
You knew the following spells:

 Your Spells              Type           Power        Failure   Level  Hunger
a - Magic Dart            Conj           ####         1%          1    None
b - Blink                 Tloc           N/A          1%          2    None
c - Call Imp              Summ           ######..     1%          2    None
d - Conjure Flame         Conj/Fire      ####....     1%          3    None
e - Mephitic Cloud        Conj/Pois/Air  ####....     1%          3    None
f - Repel Missiles        Chrm/Air       ###...       6%          2    None
g - Venom Bolt            Conj/Pois      ####......   8%          5    ####...
h - Petrify               Trmt/Erth      ####....     14%         4    None
i - Stone Arrow           Conj/Erth      ####..       1%          3    None
j - Iskenderun's Mystic   Conj           #####...     2%          4    None
k - Sticky Flame          Conj/Fire      ####....     3%          4    None


Dungeon Overview and Level Annotations

Branches:
Dungeon (12/15)            Temple (1/1) D:6            Lair (0/8) D:9
    Orc (0/4) D:11

Altars:
Ashenzari
Cheibriados
Dithmenos
Elyvilon
Fedhas
Gozag
Kikubaaqudgha
Makhleb
Nemelex Xobeh
Okawaru
Qazlal
Ru
Sif Muna
Trog
Vehumet
Xom
Yredelemnul
Zin
The Shining One

Shops:
D:6 *   D:7 =   D:11 :

Annotations:
D:3 Ijyb
D:4 Natasha
D:8 exclusion: oklob plant
D:10 exclusion: Erica


Innate Abilities, Weirdness & Mutations

You can walk through water.
Your dull iron-grey scales are very hard (AC +13).
Your body does not fit into most forms of armour.
You can survive without breathing.
You are cold-blooded and may be slowed by cold attacks.


Message History

Your white imp freezes the very large slime creature.
Your shadow imp hits the very large slime creature but does no damage.
Your crimson imp hits the very large slime creature.
Casting: Call Imp
Confirm with . or Enter, or press ? or * to list all spells.
Aiming: Conjure Flame
Press: ? - help, Dir - move target cursor The fire roars!
Something hits your shadow imp!!!
Your shadow imp dies!
Your crimson imp blinks!
Your white imp hits the very large slime creature.
Your white imp freezes the very large slime creature.
Casting: Conjure Flame
Confirm with . or Enter, or press ? or * to list all spells.
You don't have enough magic to cast that spell.
You hit the very large slime creature. You burn the very large slime creature.
The very large slime creature is heavily wounded.
The very large slime creature is engulfed in roaring flames.
The very large slime creature hits you!!!
You die...

#.............[...
#########......[..
#.........
#.[.....[.
#########.........
#.............<...
#...............).
#5####.J...######[
#@# #.....######§
#J########.....§§§
#.5............§§§
#...5......#######
##########.#
.........#######
######...)..5.K
#..#........
####..#######..


You could see a very large slime creature, a friendly crimson imp and a friendly
white imp.

Vanquished Creatures
  The ghost of cireshan the Eclecticist, a powerful DECj of Sif Muna (D:12)
  2 hydras (D:11)
  Erica (D:10)
  Erolcha (D:8)
  Sonja (D:10)
  2 unseen horrors
  3 hill giants
  An ugly thing (D:11)
  A wolf spider (D:12)
  A gargoyle (D:10)
  A kobold demonologist (D:12)
  A troll (D:11)
  A two-headed ogre (D:11)
  A slime creature (D:11)
  A shadow (D:12)
  2 wraiths
  A wyvern (D:11)
  Eustachio (D:4)
  2 deep elf magi (D:11)
  A hungry ghost (D:7)
  A basilisk (D:12)
  4 hippogriffs
  2 steam dragons
  A mottled dragon (D:11)
  An ice beast (D:11)
  5 sky beasts
  A water moccasin (D:11)
  6 necrophages
  2 black bears
  4 orc warriors
  2 eyes of draining (D:11)
  3 phantoms
  3 ogres
  13 centaurs
  2 big kobolds
  5 giant frogs
  5 scorpions
  17 wights
  3 killer bees (D:9)
  3 crimson imps
  7 jellies
  2 centaur zombies
  A gnoll shaman (D:7)
  8 orc priests
  3 giant frog zombies (D:12)
  6 hounds
  8 orc wizards
  2 giant frog skeletons
  A quasit (D:11)
  2 centaur skeletons (D:12)
  4 worker ants
  A hound zombie (D:11)
  A mummy (D:12)
  2 hound skeletons (D:10)
  Natasha (D:4)
  9 gnolls
  12 adders
  2 shadow imps
  4 oozes
  2 adder skeletons
  6 worms
  7 giant geckos
  34 orcs
  8 bats
  4 giant cockroaches
  5 goblins
  5 hobgoblins
  2 quokkas
  A ball python (Sewer)
  2 giant gecko skeletons (D:7)
  A giant gecko zombie (D:5)
  7 giant newts
  8 jackals
  A jackal skeleton (D:4)
  12 kobolds
  A quokka skeleton (D:9)
  A quokka zombie (D:7)
  9 rats
301 creatures vanquished.

Vanquished Creatures (collateral kills)
  A hill giant (D:12)
  A trapdoor spider zombie (D:12)
  Sigmund (D:4)
  A hippogriff (D:11)
  A mottled dragon (D:11)
  A phantom (D:6)
  A black bear (D:9)
  2 ogres
  2 orc warriors
  5 necrophages
  2 centaurs
  2 giant frogs (D:11)
  A water moccasin skeleton (D:6)
  A scorpion (D:4)
  2 wights
  4 giant frog zombies
  6 crimson imps
  3 jellies
  2 orc priests
  2 hounds
  A giant frog skeleton (D:6)
  Natasha (D:4)
  5 orc wizards
  2 worker ants
  A killer bee zombie (D:8)
  7 adders
  3 gnolls
  A shadow imp (D:12)
  3 oozes
  An adder skeleton (D:5)
  2 worms (Sewer)
  12 orcs
  A ball python (D:1)
  A giant cockroach (Sewer)
  4 goblins
  3 hobgoblins
  6 jackals
  2 quokkas
  4 bats
  2 giant geckos
  8 kobolds
111 creatures vanquished.

Grand Total: 412 creatures vanquished

Notes
Turn   | Place    | Note
--------------------------------------------------------------
     0 | D:1      | olethros the Draconian Wizard began the quest for the Orb.
     0 | D:1      | Reached XP level 1. HP: 14/14 MP: 4/4
   349 | D:1      | Reached XP level 2. HP: 20/20 MP: 1/6
   353 | D:1      | Learned a level 2 spell: Blink
   356 | D:1      | Learned a level 2 spell: Call Imp
   359 | D:1      | Learned a level 2 spell: Repel Missiles
  1194 | D:2      | Reached XP level 3. HP: 24/27 MP: 2/8
  2039 | D:3      | Noticed Ijyb
  2304 | D:3      | Reached XP level 4. HP: 30/34 MP: 4/9
  2315 | D:3      | Reached skill level 4 in Spellcasting
  2509 | D:3      | Learned a level 3 spell: Mephitic Cloud
  2972 | D:3      | Reached XP level 5. HP: 39/39 MP: 6/11
  3379 | D:4      | Noticed an ogre
  3462 | D:4      | Killed an ogre
  3462 | D:4      | Reached skill level 1 in Short Blades
  3493 | D:4      | Noticed Eustachio
  3499 | D:4      | Noticed Natasha
  3524 | D:4      | Killed Natasha
  3623 | D:4      | Killed Eustachio
  3623 | D:4      | Reached skill level 1 in Throwing
  3623 | D:4      | Reached XP level 6. HP: 42/46 MP: 8/13
  3643 | D:4      | Learned a level 3 spell: Conjure Flame
  3723 | D:4      | Noticed a phantom
  3807 | D:4      | Killed a phantom
  3807 | D:4      | Reached skill level 5 in Spellcasting
  3969 | D:4      | Noticed Natasha
  3978 | D:4      | Killed Natasha
  4173 | D:4      | Noticed Sigmund
  4197 | D:4      | Found a sparkling altar of Nemelex Xobeh.
  4231 | D:4      | Killed Sigmund
  4231 | D:4      | Reached skill level 1 in Fighting
  4231 | D:4      | Your scales start taking on a dull iron-grey colour.
  4231 | D:4      | Gained mutation: You can survive without breathing. [Grey Draconian growth]
  4231 | D:4      | Reached XP level 7. HP: 33/52 MP: 0/15
  4491 | D:4      | Noticed Natasha
  5132 | D:5      | Entered Level 5 of the Dungeon
  5785 | D:5      | Reached skill level 6 in Spellcasting
  5786 | D:5      | Found a glowing drain.
  5807 | Sewer    | Entered a sewer
  6797 | D:5      | Reached XP level 8. HP: 59/59 MP: 13/17
  7155 | D:6      | Found a staircase to the Ecumenical Temple.
  7160 | Temple   | Entered the Ecumenical Temple
  7328 | Temple   | Became a worshipper of Vehumet
  7671 | D:6      | Reached skill level 7 in Spellcasting
  7845 | D:6      | Found Ruraok's General Store.
  7851 | D:6      | Bought 3 fruits for 67 gold pieces
  8080 | D:6      | Found a burning altar of Makhleb.
  8394 | D:7      | Reached skill level 5 in Summonings
  8394 | D:7      | Reached skill level 1 in Poison Magic
  8641 | D:7      | Learned a level 3 spell: Gell's Gravitas
  8960 | D:7      | Reached skill level 8 in Spellcasting
  8960 | D:7      | Reached XP level 9. HP: 48/64 MP: 1/21
  9404 | D:7      | Acquired Vehumet's first power
  9404 | D:7      | Offered knowledge of Sting by Vehumet.
 10253 | D:7      | Reached skill level 1 in Hexes
 10311 | D:7      | Found Nywk's Jewellery Emporium.
 10949 | D:8      | Found an iron altar of Okawaru.
 11432 | D:8      | Got a pair of smoking gloves
 11449 | D:8      | Identified the cursed +0 pair of gloves of Defence {*Contam +Inv Dex+4 Stlth+} (You found it on level 8 of the Dungeon)
 11482 | D:8      | Noticed Erolcha
 11742 | D:8      | Reached skill level 1 in Air Magic
 11836 | D:8      | Offered knowledge of Throw Frost by Vehumet.
 11887 | D:8      | Killed Erolcha
 11887 | D:8      | Reached skill level 9 in Spellcasting
 12014 | D:8      | Found a deep blue altar of Sif Muna.
 12125 | D:8      | Found a blossoming altar of Fedhas.
 12138 | D:8      | Noticed an oklob plant
 12671 | D:9      | Reached XP level 10. HP: 72/72 MP: 13/23
 12698 | D:9      | Learned a level 4 spell: Petrify
 13002 | D:9      | Upgraded the game from 0.17-a0-1763-g847a857 to 0.17-a0-1767-gccbed74
 13398 | D:9      | Found a staircase to the Lair.
 13491 | D:9      | Reached skill level 1 in Earth Magic
 13561 | D:10     | Entered Level 10 of the Dungeon
 13570 | D:10     | Noticed Erica
 13581 | D:10     | Killed Erica
 13863 | D:10     | Noticed Sonja
 13889 | D:10     | Killed Sonja
 14344 | D:10     | Reached skill level 1 in Bows
 14576 | D:10     | Offered knowledge of Stone Arrow by Vehumet.
 14576 | D:10     | Reached skill level 10 in Spellcasting
 14600 | D:10     | Learned a level 3 spell: Stone Arrow
 15046 | D:11     | Noticed an unseen horror
 15062 | D:11     | Killed an unseen horror
 15162 | D:11     | Reached skill level 1 in Fire Magic
 15362 | D:11     | Acquired Vehumet's second power
 15552 | D:10     | Reached XP level 11. HP: 56/80 MP: 7/25
 16029 | D:11     | Reached skill level 5 in Dodging
 16248 | D:11     | Noticed a hill giant
 16249 | D:11     | Noticed a hill giant
 16595 | D:11     | Killed a hill giant
 16595 | D:11     | Offered knowledge of Iskenderun's Mystic Blast by Vehumet.
 16601 | D:11     | Learned a level 4 spell: Iskenderun's Mystic Blast
 17005 | D:11     | Found a staircase to the Orcish Mines.
 17081 | D:11     | Found Meack's Book Shop.
 17085 | D:11     | Bought a book of Power for 585 gold pieces
 17250 | D:11     | Killed a hill giant
 17370 | D:11     | Learned a level 5 spell: Venom Bolt
 17826 | D:12     | Acquired Vehumet's third power
 17892 | D:12     | Noticed a hill giant
 17907 | D:12     | Killed a hill giant
 17909 | D:12     | Offered knowledge of Sticky Flame by Vehumet.
 18518 | D:11     | Reached skill level 5 in Conjurations
 18518 | D:11     | Reached skill level 1 in Transmutations
 18821 | D:11     | Reached skill level 11 in Spellcasting
 18912 | D:12     | Noticed an unseen horror
 18919 | D:12     | Noticed a hill giant
 19252 | D:12     | Noticed a four-headed hydra
 19444 | D:11     | Killed a four-headed hydra
 20642 | D:12     | Noticed cireshan's ghost (powerful DECj)
 21005 | D:11     | Noticed a six-headed hydra
 21332 | D:11     | Killed a three-headed hydra
 21332 | D:11     | Reached XP level 12. HP: 33/88 MP: 4/27
 21338 | D:11     | Learned a level 4 spell: Sticky Flame
 21772 | D:12     | Killed an unseen horror
 21772 | D:12     | Reached skill level 1 in Long Blades
 22666 | D:12     | Killed cireshan's ghost
 23062 | D:12     | Killed a hill giant
 23326 | D:12     | Reached skill level 5 in Stealth
 23370 | D:12     | Slain by a very large slime creature

Vault maps used:
D:1:      dpeg_arrival_erosion
D:3:      first_bread, uniq_iyjb
D:4:      nemelex_spade_bored_becter, uniq_eustachio, uniq_sigmund, uniq_natasha
D:5:      portal_sewer_entry_d
D:6:      lemuel_coloured_pillars_altar, minmay_temple_entry_nine_rooms,
          serial_shops, shop
D:7:      serial_shops, nicolae_shop_behind_doors, serial_column_ruins,
          column_ruins_grid_3, column_ruins_grid_4, column_ruins_grid_3,
          column_ruins_grid_1, column_ruins_grid_3
D:8:      okawaru_metal_pillars_1_2, tgw_fedhas, basic_altar, uniq_erolcha
D:9:      lair_0_dummy
D:10:     uniq_erica, uniq_sonja
D:11:     orc_0_dummy, serial_shops, nicolae_shop_window_shopping,
          hangedman_little_slice_of_home, minmay_door_square
D:12:     minmay_expanding_squares, serial_undead, serial_undead_f,
          serial_undead_a, serial_undead_e, serial_undead_e, serial_undead_e,
          serial_undead_d, serial_undead_f, serial_undead_a, serial_undead_e,
          serial_undead_e
Temple:   nicolae_temple_the_god_donut
Sewer:    sewer_fruit_machine

Action                   |  1- 3 |  4- 6 |  7- 9 | 10-12 || total
-------------------------+-------+-------+-------+-------++-------
Melee: Dagger            |    66 |    79 |   286 |   246 ||   677
       Unarmed           |     3 |       |       |       ||     3
       Morningstar       |    20 |    45 |    17 |       ||    82
       Short sword       |       |       |     3 |    41 ||    44
       Trident           |       |       |     5 |       ||     5
       War axe           |       |       |     7 |       ||     7
       Mace              |       |       |     5 |       ||     5
       Scimitar          |       |       |       |    60 ||    60
 Fire: Blowgun           |       |    13 |    52 |    91 ||   156
       Shortbow          |       |       |     6 |    28 ||    34
Throw: Tomahawk          |       |     5 |     3 |     1 ||     9
 Cast: Magic Dart        |    36 |     9 |   138 |   136 ||   319
       Call Imp          |    38 |    49 |   197 |   272 ||   556
       Repel Missiles    |     1 |     1 |     4 |     8 ||    14
       Blink             |     2 |     2 |    10 |    19 ||    33
       Mephitic Cloud    |       |     2 |    49 |    71 ||   122
       Conjure Flame     |       |     2 |    21 |    83 ||   106
       Gell's Gravitas   |       |       |     2 |       ||     2
       Stone Arrow       |       |       |       |    62 ||    62
       Venom Bolt        |       |       |       |    13 ||    13
       Iskenderun's Myst |       |       |       |    17 ||    17
       Petrify           |       |       |       |     2 ||     2
       Sticky Flame      |       |       |       |     2 ||     2
Evoke: Wand              |       |       |     2 |     5 ||     7
  Use: Scroll            |     7 |       |    18 |     5 ||    30
       Potion            |     2 |     1 |     1 |     4 ||     8
 Stab: Sleeping          |       |     5 |     1 |     1 ||     7
       Confused          |       |       |    10 |    16 ||    26
       Paralysed         |       |       |     3 |     4 ||     7
       Distracted        |       |       |     4 |     3 ||     7
       Betrayed ally     |       |       |     1 |       ||     1
  Eat: Chunk             |     6 |     7 |    11 |    15 ||    39
       Beef jerky        |       |       |     2 |     1 ||     3
       Fruit             |       |       |     3 |       ||     3
       Bread ration      |       |       |     3 |     4 ||     7
       Royal jelly       |       |       |       |     1 ||     1
